cohdb
Replays
Latest Replays
All Replays
Popular Replays
Top Player Replays
Match Explorer
How It Works
Community
CoH3 Stats
Reddit
Sign in to upload your games and track your stats! →
Sign in with Steam
Match 45132472
Unlisted
Match 45132472
Overview
Messages
Build Orders
End
Kettenkrad Recon Vehicle
Construct Infanterie Kompanie
Grenadier Squad
GrW 34 Mortar Team
Grenadier Squad
Selects Breakthrough Battlegroup
Selects Assault Grenadiers
Construct Luftwaffe Kompanie
221 Scout Car
Selects Rapid Production
Jäger Squad
Pioneer Squad
Construct Panzer Kompanie
Selects Blitzkrieg
Panzer IV Medium Tank
Panzer IV Medium Tank
Pioneer Squad
Side Skirts
Panzer Officer Quarters
Eilte
赵天天001
saki酱
Number 60
Jeremy
JT
HackerBlack_Sunday
一杆大长枪爆你菊花
0
0
Comments
sign in to comment!
No comments posted yet!